Map: Royal Blood LE

Players

RustyShacky

  • Race: Terran Terran
  • League: Diamond
  • Spawn Location: 7:00

VOD

Have the link to the VOD?

Description

Time

  • Played on: July 25, 2023, 1:21 a.m.
  • Length: 10:43
Show
View Real Time Build Order
Export as new Build Order

RustyShacky Terran 

Build Orders: Mech 

Get SALT Encoding   

  12  0:00  SCV  
  13  0:12  SCV  
  14  0:17  Supply Depot  
  14  0:24  SCV  
  15  0:39  SCV  
  15  0:40  Barracks  
  16  0:43  Refinery  
  16  0:51  SCV  
  17  0:57  Refinery  
  17  1:03  SCV  
  18  1:15  SCV  
  19  1:27  Supply Depot  
  19  1:29  Reaper, Orbital Command  
  20  1:44  Factory  
  20  1:54  SCV  
  21  2:06  Reaper  
  21  2:07  SCV  
  23  2:19  SCV  
  24  2:24  Command Center  
  24  2:34  Starport  
  24  2:36  SCV  
  25  2:40  Hellion  
  27  2:50  Barracks Reactor, SCV  
  28  3:02  Supply Depot, SCV  
  29  3:05  Factory Tech Lab  
  29  3:14  Fusion Core, SCV  
  30  3:26  SCV  
  31  3:31  Refinery  
  31  3:34  Marine x2  
  31  3:36  Factory Tech Lab  
  31  3:38  SCV  
  34  3:46  Orbital Command  
  34  3:50  SCV  
  35  4:08  Marine x2  
  37  4:10  Battlecruiser  
  37  4:12  SCV  
  37  4:13  SCV  
  45  4:22  Refinery  
  45  4:24  SCV  
  45  4:25  SCV  
  45  4:26  Supply Depot  
  45  4:28  Cyclone  
  50  4:37  SCV x2  
  52  4:49  SCV x2  
  54  4:56  Command Center  
  54  5:01  Supply Depot, SCV x2  
  56  5:11  Siege Tank  
  56  5:13  SCV x2  
  61  5:25  SCV x2  
  63  5:28  Battlecruiser  
  69  5:37  SCV  
  70  5:54  Supply Depot  
  70  5:56  Weapon Refit  
  70  6:07  Siege Tank, Engineering Bay, Marine x2, SCV x2  
  77  6:19  Supply Depot  
  77  6:20  SCV x2  
  79  6:28  Orbital Command  
  79  6:32  SCV x2  
  81  6:33  Battlecruiser  
  81  6:39  Refinery  
  87  6:42  Siege Tank, Factory x2  
  87  6:44  SCV x2  
  92  6:53  Barracks Reactor  
  92  6:56  SCV x2  
  92  6:57  Refinery, SCV  
  95  7:04  Supply Depot  
  95  7:08  SCV x2  
  97  7:09  SCV  
  98  7:18  Siege Tank  
  101  7:25  Armory  
  101  7:26  Factory, SCV x3, Armory  
  101  7:29  Factory  
  104  7:31  Supply Depot  
  104  7:49  Siege Tank  
  104  7:50  Hellion  
  109  7:52  Viking  
  109  7:53  Siege Tank, Hellion  
  109  7:54  SCV  
  117  8:06  Missile Turret  
  117  8:07  Missile Turret  
  117  8:08  Sensor Tower  
  117  8:14  Factory Reactor, Factory Tech Lab  
  117  8:36  Supply Depot  
  117  8:37  Supply Depot x2  
  117  8:58  Siege Tank x3, Viking x2, SCV x3  
  117  8:59  Hellion x2  
  117  9:00  Command Center  
  137  9:08  Hellion x2  
  141  9:17  Supply Depot  
  141  9:18  Supply Depot  
  141  9:24  Supply Depot  
  141  9:25  Supply Depot  
  141  9:26  Supply Depot  
  141  9:28  Hellion x2, SCV x3  
  148  9:39  Siege Tank, Hellion x3, Viking x2  
  148  9:40  Siege Tank, SCV  
  148  9:42  Supply Depot  
  148  9:43  Supply Depot  
  148  9:45  SCV x2  
  167  9:50  Hellion x2  
  167  9:52  SCV  
  172  9:57  SCV x2  
  174  10:00  Siege Tank, Hellion  
  174  10:01  Hellion  
  181  10:07  Supply Depot  
  181  10:09  Viking x2  
  181  10:11  Siege Tank, Hellion x2  
  195  10:22  Hellion  
  197  10:35  Refinery x2, Missile Turret  
  200  10:39  Missile Turret  
  200  10:40  Missile Turret  
  200  10:41  Sensor Tower  
Tags
 
Composition
Mech
League
Diamond
Race
Terran
Add a new tag
Caveats
  • Supply blocks, unpowered buildings, or Contaminate may cause inaccurate times.
  • Supply counts are checked every 10 seconds.